 Dungeon Crawl Stone Soup version 0.30-b1-2-g02819fbbbe (webtiles) character file.

Game seed: 1210234153200139240

46 peetr the Slasher (level 3, -5/27 HPs)
             Began as a Demonspawn Gladiator on May 17, 2023.
             Slain by a gnoll
             ... wielding a +0 halberd
              (7 damage)
             ... on level 3 of the Dungeon.
             The game lasted 00:07:40 (1609 turns).

peetr the Slasher (Demonspawn Gladiator)            Turns: 1609, Time: 00:07:40

Health: -5/27      AC:  7    Str: 16    XL:     3   Next: 46%
Magic:  3/3        EV: 11    Int:  9    God:
Gold:   76         SH:  0    Dex: 14    Spells: 2/2 levels left

rFire   . . .        a - +0 long sword
rCold   . . .        (no shield)
rNeg    . . .        i - +0 ring mail
rPois   +            c - +1 helmet
rElec   .            (no cloak)
rCorr   .            (no gloves)
SInv    .            (no boots)
Will    .....        (no amulet)
Stlth   +            k - ring of poison resistance
HPRegen 0.24/turn    (no ring)
MPRegen 0.16/turn

%: no passive effects
@: no status effects
A: foul stench 1, magic regeneration
a: no special abilities


You were on level 3 of the Dungeon.
You visited 1 branch of the dungeon, and saw 3 of its levels.

You collected 76 gold pieces.

Inventory:

Hand Weapons
 a - a +0 long sword (weapon)
 g - a +0 sling
 p - a +0 flail
Missiles
 d - 3 throwing nets
 e - 6 javelins (quivered)
Armour
 b - a +0 leather armour
 c - a +1 helmet (worn)
 i - a +0 ring mail (worn)
 j - a +0 ring mail
Jewellery
 k - a ring of poison resistance (left hand)
Wands
 o - a wand of light (6)
Scrolls
 l - a scroll of amnesia {unknown}
 m - a scroll of magic mapping
 n - a scroll of noise
 r - a scroll of brand weapon {unknown}
Potions
 f - a potion of invisibility {unknown}
 h - a potion of lignification {unknown}
 q - a potion of mutation {unknown}


   Skills:
 + Level 2.2 Fighting
 + Level 3.4 Long Blades
 + Level 1.8 Throwing
 + Level 0.5 Armour
 + Level 3.2 Dodging


You had 2 spell levels left.
You didn't know any spells.
Your spell library was empty.

Dungeon Overview and Level Annotations

Branches:
Dungeon (3/15)

Altars:


Innate Abilities, Weirdness & Mutations

You may rarely emit foul miasma when damaged in melee.
You regenerate magic rapidly.


Message History

There is an open door here.
There is a stone staircase leading down here.
You climb downwards.
The gnoll shouts! x2; You hear a shout!
Found 4 poisoned darts.
There is a stone staircase leading up here.
You barely miss the gnoll. The goblin completely misses you.
The gnoll closely misses you. The goblin barely misses you.
The goblin hits you but does no damage.
The gnoll hits you from afar with a +0 halberd.
The gnoll hits you but does no damage. The goblin hits you but does no damage.
A gnoll comes into view. It is wielding a +0 club.
The goblin attacks as you move away! The goblin hits you but does no damage.
The gnoll closely misses you. The goblin attacks as you move away!
The goblin hits you with a +0 club. The gnoll attacks as you move away!
The gnoll barely misses you. The goblin attacks as you move away!
The goblin hits you but does no damage. The gnoll attacks as you move away!
The gnoll hits you with a +0 whip.
You closely miss the goblin. The goblin barely misses you.
The gnoll closely misses you.
You barely miss the goblin. The goblin closely misses you.
The gnoll hits you from afar with a +0 halberd.
You closely miss the goblin. The goblin barely misses you.
The gnoll barely misses you.
You hit the goblin.
You kill the goblin!
The gnoll hits you from afar with a +0 halberd.
The gnoll closely misses you.
The gnoll hits you from afar with a +0 halberd.
You completely miss the gnoll.
The gnoll hits you from afar with a +0 halberd!
* * * LOW HITPOINT WARNING * * *
You are too injured to fight recklessly!
You are too injured to fight recklessly!
You hit the gnoll.
The gnoll is moderately wounded.
The gnoll hits you but does no damage. x2
The gnoll hits you from afar with a +0 halberd!
You die...

..#. ......#+###
............##
......#......#
...........(.#
.............#
............g###
............gg@#
............##g#
.......<....##.#
##+###.#######.#
#. ..# ## ###


You could see 4 gnolls.

Vanquished Creatures
  2 worms (D:2)
  6 ball pythons
  5 bats
  5 endoplasms
  4 giant cockroaches (D:2)
  4 goblins
  2 hobgoblins
  A quokka (D:1)
  3 frilled lizards
  2 kobolds
  3 rats
37 creatures vanquished.

Vanquished Creatures (others)
  4 plants (D:1)
  3 withered plants (D:1)
7 creatures vanquished.

Grand Total: 44 creatures vanquished

Notes
Turn   | Place    | Note
-------+----------+-------------------------------------------
     0 | D:1      | peetr the Demonspawn Gladiator began the quest for the Orb.
     0 | D:1      | Reached XP level 1. HP: 16/16 MP: 1/1
   102 | D:1      | Gained mutation: You may rarely emit foul miasma when
                  | damaged in melee. [demonic ancestry]
   102 | D:1      | Reached XP level 2. HP: 15/22 MP: 2/2
   182 | D:1      | Found a faded altar of an unknown god.
  1026 | D:2      | Gained mutation: You regenerate magic rapidly. [demonic
                  | ancestry]
  1026 | D:2      | Reached XP level 3. HP: 25/27 MP: 3/3
  1608 | D:3      | HP: 1/27 [gnoll/+0 halberd (13)]
  1609 | D:3      | Slain by a gnoll

Illustrated notes

Levels and vault maps discovered:
D:1:      minmay_arrival_wavy_path, layout_rooms,
          shapermc_ecumenical_altar_flowoftime
D:2:      layout_basic
D:3:      layout_basic, gammafunk_temple_overflow_arena, uniq_grinder

Skill      XL: |  1  2 |
---------------+-------+-----
Long Blades    | 3 |  3.4
Dodging        | 3 |  3.2
Fighting       | |  2.2
Throwing       | |  1.8
Armour         | |  0.5

Action                     || total
---------------------------++-------
  Melee: Long sword        ||   142
         Punch             ||     2
    Use: Scroll            ||     3
 Armour: Leather armour    ||     7
         Ring mail         ||    46
  Dodge: Dodged            ||    84
